 Dungeon Crawl Stone Soup version 0.30-a0-393-g54b8e3be05 (webtiles) character file.

Game seed: 17628115017137459855

91 lunkers the Cudgeller (level 5, -7/45 HPs)
             Began as a Meteoran Fighter on Dec 5, 2022.
             Was an Initiate of Gozag.
             Killed by divine providence
             ... invoked by an orc priest
              (13 damage)
             ... on level 4 of the Dungeon.
             The game lasted 00:03:33 (678 turns).

lunkers the Cudgeller (Meteoran Fighter)             Turns: 678, Time: 00:03:34

Health: -7/45      AC:  6    Str: 17    XL:     5   Next: 13%
Magic:  6/6        EV:  9    Int:  9    God:    Gozag
Gold:   27         SH:  5    Dex: 16    Spells: 4/4 levels left

rFire   . . .      SeeInvis .    a - +0 flail
rCold   . . .      Faith    .    c - +0 buckler
rNeg    . . .      Spirit   .    b - +0 scale mail
rPois   .          Reflect  .    (no helmet)
rElec   .          Harm     .    (no cloak)
rCorr   .          Rampage  .    (no gloves)
Will    .....                    (no boots)
Stlth   ..........               (no amulet)
HPRegen 0.27/turn                (no ring)
MPRegen 0.10/turn                (no ring)

@: mighty, gold aura, glowing
A: sense surroundings 1, otherworldly, glowing, explore regen
a: Renounce Religion, Potion Petition, Call Merchant, Bribe Branch


You were on level 4 of the Dungeon.
You worshipped Gozag.
Gozag was noncommittal.
You visited 1 branch of the dungeon, and saw 4 of its levels.

You collected 117 gold pieces.
You paid 90 gold pieces to Gozag.

Inventory:

Hand Weapons
 a - a +0 flail (weapon)
Missiles
 i - 2 throwing nets
Armour
 b - a +0 scale mail (worn)
 c - a +0 buckler (worn)
Jewellery
 l - a ring of fire
Wands
 n - a wand of acid (4)
Scrolls
 f - 2 scrolls of identify {unknown}
 g - a scroll of amnesia {unknown}
 h - a scroll of blinking {unknown}
 k - 2 scrolls of teleportation {unknown}
 m - a scroll of fear {unknown}
Potions
 e - a potion of degeneration {unknown}
 j - a potion of mutation {unknown}
 o - a potion of berserk rage {unknown}
 p - a potion of ambrosia {unknown}


   Skills:
 - Level 3.2 Fighting
 + Level 6.2 Maces & Flails
 - Level 3.6 Armour
 - Level 3.6 Shields


You had 4 spell levels left.
You didn't know any spells.
Your spell library contained the following spells:

 Spells                   Type           Power      Damage    Failure   Level
 Sting                    Tmut/Pois      0%         1d3       87%         1
 Poisonous Vapours        Pois/Air       0%         N/A       95%         2
 Olgreb's Toxic Radiance  Pois           0%         N/A       100%        4


Dungeon Overview and Level Annotations

Branches:
Dungeon (4/15) Zot: 1696
 Temple: D:4-7

Altars:
Cheibriados
Elyvilon
Gozag
Uskayaw


Innate Abilities, Weirdness & Mutations

You passively map a small area around you.
You are easily found by Zot.
You glow in the dark.
You regain HP and MP as you explore.


Message History

You thump the orc priest!
The orc priest is severely wounded.
The orc priest hits you but does no damage.
The orc priest invokes the aid of Beogh against you.
Beogh smites you!
* * * LOW HITPOINT WARNING * * *
You barely miss the orc priest.
The orc priest is severely wounded.
The orc priest hits you but does no damage.
The orc priest looks encouraged for a moment.
You sock the orc priest!
You kill the orc priest!
The orc priest looks satisfied for a moment.
An orc priest comes into view. It is wielding a +0 flail.
The orc priest looks encouraged for a moment.
A ball python comes into view.
Your Maces & Flails skill increases to level 6!
You have reached level 5!
You sock the orc!
You kill the orc!
An orc comes into view. It is wielding a +0 trident.
The orc shouts!
The orc priest barely misses you.
Items here: $ )) [.
You hit the orc priest.
The orc priest is moderately wounded.
You block the orc priest's attack.
The orc priest calls upon Beogh to heal the orc priest.
The orc priest is healed somewhat.
The orc is distracted by your dazzling golden aura.
The orc priest barely misses you.
You hear a shout!
You completely miss the orc priest.
The orc priest is lightly wounded.
The ball python is distracted by your dazzling golden aura.
The orc priest misses you.
The orc priest mumbles some strange prayers to Beogh against you.
Beogh smites you!
You die...
Your body crumbles into a pile of gold.

, ,, #. #. * , , . .S ,
* , .#.#, ,, .oo#* ,
#oo# #oo* , , #o# $
###@####### ,
#.......... * , , ,*
#.......... ,
#..........* ....
##.....#.... * ......
##........... .......
#............ ,
##.......##............
$
#......................
, ,


You could see 4 orc priests, 3 orcs and a ball python (unaware).

Vanquished Creatures
  An orc priest (D:4)
  2 adders (D:2)
  4 orcs
  5 bats
  4 endoplasms (D:3)
  A giant cockroach (D:2)
  A goblin (D:2)
  2 hobgoblins
  7 jackals (D:2)
  A quokka (D:3)
  3 ball pythons
  2 frilled lizards
  2 kobolds
  4 rats
39 creatures vanquished.

Notes
Turn   | Place    | Note
-------+----------+-------------------------------------------
     0 | D:1      | lunkers the Meteoran Fighter began the quest for the Orb.
     0 | D:1      | Reached XP level 1. HP: 19/19 MP: 2/2
   127 | D:1      | Reached skill level 3 in Maces & Flails
   188 | D:2      | Reached XP level 2. HP: 25/26 MP: 3/3
   213 | D:2      | Reached skill level 4 in Maces & Flails
   213 | D:2      | Reached XP level 3. HP: 6/31 MP: 4/4
   390 | D:2      | Reached skill level 5 in Maces & Flails
   390 | D:2      | Reached XP level 4. HP: 34/38 MP: 5/5
   598 | D:4      | Found a snail-covered altar of Cheibriados.
   600 | D:4      | Found an opulent altar of Gozag.
   602 | D:4      | Found a hide-covered altar of Uskayaw.
   606 | D:4      | Found a white marble altar of Elyvilon.
   609 | D:4      | Became a worshipper of Gozag Ym Sagoz the Greedy
   675 | D:4      | Reached skill level 6 in Maces & Flails
   675 | D:4      | Reached XP level 5. HP: 5/45 MP: 6/6
   678 | D:4      | Killed from afar by an orc priest

Illustrated notes

Levels and vault maps discovered:
D:1:      saegor_arrival_simple_a, layout_basic,
          hellmonk_ecumenical_altar_inner_sanctum
D:2:      layout_loops_ring
D:3:      layout_basic, amethyst_killhole
D:4:      layout_rooms, minitemple, serial_shops, shop

Skill      XL: |  1  2  3  4 |
---------------+-------------+-----
Maces & Flails | 3 4 5 6 |  6.2
Fighting       | |  3.2
Armour         | |  3.6
Shields        | |  3.6

Action                   |  1- 3 |  4- 6 || total
-------------------------+-------+-------++-------
Melee: Flail             |    80 |    35 ||   115
  Use: Potion            |       |     1 ||     1
Armor: Scale mail        |    41 |    12 ||    53
Dodge: Dodged            |    41 |     9 ||    50
Block: Buckler           |    24 |     9 ||    33

Table legend: (Time is in decaauts)
 A = Elapsed time spent in this place.
 B = Non-inter-level travel time spent in this place.
 C = Inter-level travel time spent in this place.
 D = Time resting spent in this place.
 E = Time spent auto-exploring this place.
 F = Levels seen in this place.
 G = Mean time per level.
                   A        B        C        D        E       F      G
               +--------+--------+--------+--------+--------+-----+--------+
         Total |    702 |    700 |      2 |      0 |    355 |   4 |  175.5 |
       Dungeon |    702 |    700 |      2 |      0 |    355 |   4 |  175.5 |
               +--------+--------+--------+--------+--------+-----+--------+

Top non-repeatable levels by time:
     D:2: 241 daAuts
     D:1: 183 daAuts
     D:3: 177 daAuts
     D:4: 99 daAuts
